 Seeded DCSS version 0.29-a0-334-gb41bcbb86e (webtiles) character file.

Game seed: 10532045244604501396 (custom seed)

42 zeratav the Insei (level 3, 0/23 HPs)
             Began as an Octopode Transmuter on Apr 14, 2022.
             Succumbed to an adder's poison
             ... on level 2 of the Dungeon.
             The game lasted 00:01:07 (733 turns).

zeratav the Insei (Octopode Transmuter)              Turns: 733, Time: 00:01:07

Health: 0/23       AC:  5    Str:  9    XL:     3   Next: 56%
Magic:  6/6        EV: 13    Int: 15    God:
Gold:   43         SH:  0    Dex: 14    Spells: 5/6 levels left

rFire   . . .      SeeInvis .     - Unarmed
rCold   . . .      Faith    .   (no shield)
rNeg    . . .      Spirit   .   (helmet restricted)
rPois   .          Reflect  .   (no amulet)
rElec   .          Harm     .   c - +4 ring of protection
rCorr   .          Rampage  .   (no ring)
Will    .....                   (no ring)
Stlth   +++.......              (no ring)
HPRegen 0.07/turn               (no ring)
MPRegen 0.10/turn               (no ring)
                                (no ring)
                                (no ring)

@: lethally poisoned (0 -> -7)
A: almost no armour, amphibious, 8 rings, camouflage 1, gelatinous body 1,
(nimble swimmer 1), tentacles
a: no special abilities


You were on level 2 of the Dungeon.
You visited 1 branch of the dungeon, and saw 2 of its levels.

You collected 43 gold pieces.


Innate Abilities, Weirdness & Mutations

You cannot wear most types of armour.
You are amphibious.
You can wear up to eight rings at the same time.
Your skin changes colour to match your surroundings (Stealth+).
Your rubbery body absorbs attacks. (AC +1, EV +1)
((You are camouflaged when in or above water. (Stealth+)))
You have tentacles for arms and can constrict up to eight enemies at once.


   Skills:
 + Level 1.6 Fighting
 + Level 2.4 Dodging
 + Level 1.7 Stealth
 * Level 3.6 Unarmed Combat
 - Level 2.0 Spellcasting
 - Level 2.0 Transmutations


You had 5 spell levels left.
You knew the following spells:

 Your Spells              Type           Power      Damage    Failure   Level
a - Beastly Appendage     Tmut           14%        N/A       10%         1

Your spell library contained the following spells:

 Spells                   Type           Power      Damage    Failure   Level
 Wereblood                Tmut           7%         N/A       14%         2
 Spider Form              Tmut/Pois      4%         N/A       41%         3
 Ice Form                 Ice/Tmut       4%         N/A       82%         4

Inventory:

Jewellery
 c - a +4 ring of protection (left tentacle)
   (You found it on level 1 of the Dungeon)
Scrolls
 b - a scroll of magic mapping {unknown}
 e - a scroll of enchant armour {unknown}
 f - a scroll of blinking {unknown}
 g - a scroll of teleportation {unknown}
 h - a scroll of immolation {unknown}
Potions
 a - a potion of lignification {!q}
 d - 2 potions of mutation {unknown}

Dungeon Overview and Level Annotations

Branches:
Dungeon (2/15)

Altars:

Shops:
D:1

[ #.# #.# #.# #.# ##.##
..# ... #.# #S# # ##.##
#@# #.# ##...##
#.###.... .
##..[..####........
#.#.......##....$....
#...[.........#####.#
#.#.......##..#
..........†....#####.##.
######...###....).......
##.###.....##...###


You could see an adder.


Message History

Your transformation is almost over.
A bat comes into view.
There are monsters nearby!
There are monsters nearby!
A ball python comes into view.
The rat misses you.
You closely miss the rat. You grab the rat.
You pierce the rat.
You kill the rat!
The bat hits you but does no damage.
You closely miss the bat. You grab the bat. You constrict the bat.
The bat hits you but does no damage. The bat barely misses you.
The bat struggles to escape constriction.
You barely miss the bat.
You pierce the bat.
Your squeeze misses the bat. You constrict the bat. The bat closely misses you.
The bat escapes!
The bat misses you.
You closely miss the bat. You grab the bat.
You pierce the bat, but do no damage.
You squeeze the bat.
You kill the bat!
Your tentacle spike disappears.
MP[+1]
Your mp is fully restored (5).
A ball python is nearby!
A ball python is nearby!
One of your tentacles grows a vicious spike.
MP[-1]
You lost 1 mp, and now have 4/5 mp.
The ball python hisses angrily.
The ball python misses you. The ball python barely misses you.
You tentacle-slap the ball python.
You kill the ball python!
No target in view!
No target in view!
Your transformation is almost over.
Your tentacle spike disappears.
You see here a rat corpse.
h - a scroll labelled UNAREU YTEDARCH MP[+1]
Your mp is fully restored (5).
Things that are here:
a +0 short sword {short}; a kobold corpse Natasha, Servant of Life and Death comes into view.
One of your tentacles grows a vicious spike.
MP[-1]
You lost 1 mp, and now have 4/5 mp.
An adder comes into view.
Your transformation is almost over.
Natasha hisses angrily.
The adder hisses angrily.
Natasha mumbles some strange words.
Natasha claws you!
HP[-7]
You take 7 damage, and now have 11/18 hp.
MASSIVE DAMAGE!! (PAUSE)
You barely miss Natasha. Your grab misses Natasha.
You pierce Natasha.
You squeeze Natasha. Natasha closely misses you.
You tentacle-slap Natasha. Your grab misses Natasha. Natasha claws you.
* * * LOW HITPOINT WARNING * * *
HP[-3]
You take 3 damage, and now have 8/18 hp.
You tentacle-slap Natasha but do no damage.
You grab Natasha. You constrict Natasha. Natasha barely misses you.
You tentacle-slap Natasha but do no damage.
You constrict Natasha, but do no damage.
Natasha claws you.
* * * LOW HITPOINT WARNING * * *
HP[-6]
You take 6 damage, and now have 2/18 hp.
MASSIVE DAMAGE!! (PAUSE)
You barely miss Natasha. You squeeze Natasha. You constrict Natasha.
Natasha closely misses you.
You tentacle-slap Natasha.
You kill Natasha!
Natasha screams in fury as she dies!
The shadow imp disappears in a puff of smoke!
You have reached level 3!
Your experience leads to an increase in your attributes!
Increase (S)trength, (I)ntelligence, or (D)exterity?
You feel agile. x2
HP[+1] MP[+2]
You now have 23 max hp (+5).
Your mp is fully restored (6).
You tentacle-slap the adder. Your grab misses the adder.
Your tentacle spike misses the adder.
The adder bites you but does no damage. The adder barely misses you.
You tentacle-slap the adder. Your grab misses the adder.
Your tentacle spike misses the adder.
You squeeze the adder, but do no damage.
The adder barely misses you.
You tentacle-slap the adder but do no damage.
You grab the adder.
You pierce the adder.
Your tentacle spike disappears.
You constrict the adder. The adder barely misses you.
You tentacle-slap the adder. Your squeeze misses the adder.
You constrict the adder. The adder closely misses you.
You barely miss the adder. You constrict the adder. The adder bites you.
* * * LOW HITPOINT WARNING * * *
You are lethally poisoned!
The adder poisons you! The adder bites you but does no damage.
HP[-1]
You take 1 damage, and now have 2/23 hp.
You tentacle-slap the adder. You constrict the adder.
You die...

Skill      XL: |  1  2 |
---------------+-------+-----
Stealth        | 1 |  1.7
Fighting       | |  1.6
Dodging        | |  2.4
Unarmed Combat | |  3.6
Spellcasting   | |  2.0
Transmutations | |  2.0

Action                   || total
-------------------------++-------
Melee: Unarmed           ||    41
       Constrict         ||    13
       Tentacles         ||    10
       Kick              ||    11
 Cast: Beastly Appendage ||    12
Armor: Skin              ||     8
Dodge: Dodged            ||    25

Levels and vault maps discovered:
D:1:      nzn_arrival_depleted_hourglass, layout_rooms, serial_shops, shop,
          ebering_ecumenical_altar_mist, hangedman_decor_slide_cut
D:2:      layout_loops_ring, chequers_arboretum, uniq_natasha

Notes
Turn   | Place    | Note
-------+----------+-------------------------------------------
     0 | D:1      | zeratav the Octopode Transmuter began the quest for the
                  | Orb.
     0 | D:1      | Reached XP level 1. HP: 13/13 MP: 3/3
     0 | D:1      | magus.rc [v1.9.6]
    39 | D:1      | Found Neut's Antique Armour Shoppe.
   286 | D:1      | Found a faded altar of an unknown god.
   321 | D:1      | Reached XP level 2. HP: 16/18 MP: 3/5
   337 | D:1      | Reached skill level 1 in Stealth
   369 | D:1      | You pick up a book of Changes and begin reading...
   715 | D:2      | Noticed Natasha
   725 | D:2      | HP: 2/18 [Natasha (6)]
   727 | D:2      | Killed Natasha
   728 | D:2      | Reached XP level 3. HP: 3/23 MP: 6/6
   732 | D:2      | HP: 2/23 [adder (1)]
   733 | D:2      | Succumbed to an adder's poison

Vanquished Creatures
  Natasha (D:2)
  A ball python (D:2)
  A giant cockroach (D:1)
  A goblin (D:1)
  4 jackals (D:1)
  2 kobolds
  A quokka (D:1)
  3 bats
  A frilled lizard (D:1)
  2 rats
17 creatures vanquished.

Table legend:
 A = Non-vault XP
 B = Vault XP
 C = Vault XP percentage of total XP
 D = Non-vault monster count
 E = Vault monster count
 F = Vault count percentage of total count
                 A         B        C        D         E       F
            +---------+---------+-------+---------+---------+-------
      Total |      26 |      35 |  57.4 |      16 |       1 |   5.9
            +---------+---------+-------+---------+---------+-------
        D:1 |      20 |       0 |   0.0 |      12 |       0 |   0.0
        D:2 |       6 |      35 |  85.4 |       4 |       1 |  20.0
            +---------+---------+-------+---------+---------+-------

Illustrated notes

Table legend:
 A = Kills in this place as a percentage of kills in entire the game.
 B = Kills by you in this place as a percentage of kills by you in the entire game.
 C = Kills by friends in this place as a percentage of kills by friends in the entire game.
 D = Other kills in this place as a percentage of other kills in the entire game.
 E = Experience gained in this place as a percentage of experience gained in the entire game.
 F = Experience gained in this place divided by the number of levels of this place that you have seen.
                   A       B       C       D       E      F
               +-------+-------+-------+-------+-------+----------------------
         Total | 100.0 | 100.0 |   N/A |   N/A | 100.0 |  30.5
       Dungeon | 100.0 | 100.0 |   N/A |   N/A | 100.0 |  30.5
               +-------+-------+-------+-------+-------+----------------------

Table legend: (Time is in decaauts)
 A = Elapsed time spent in this place.
 B = Non-inter-level travel time spent in this place.
 C = Inter-level travel time spent in this place.
 D = Time resting spent in this place.
 E = Time spent auto-exploring this place.
 F = Levels seen in this place.
 G = Mean time per level.
                   A        B        C        D        E       F      G
               +--------+--------+--------+--------+--------+-----+--------+
         Total |    729 |    713 |     16 |     14 |    577 |   2 |  364.5 |
       Dungeon |    729 |    713 |     16 |     14 |    577 |   2 |  364.5 |
               +--------+--------+--------+--------+--------+-----+--------+

Top non-repeatable levels by time:
     D:1: 674 daAuts
     D:2: 55 daAuts
